Match 37733912
Unlisted

Match 37733912
End
Selects Australian Defense Battlegroup
Selects Australian Light Infantry Section
Australian Light Infantry Section
Construct Section Command Post
Construct Section Command Post
Australian Light Infantry Section
ML 3-inch Mortar Team
Infantry Section
Infantry Section
Selects CMP 15cwt Supply Run
Construct Platoon Command Post
Selects 2-pounder Anti-tank Gun Team
2-pounder Anti-tank Gun Team
Construct Company Command Post
Unlock M3 Grant Medium Tanks
CMP 15cwt Supply Run
Selects Reinforced Resource Caches
M3 Grant Medium Tank
6-pounder Anti-tank Gun Team
Grenade Package
M3 Grant Medium Tank
Selects Charged Creeping Barrage
Charged Creeping Barrage
M3 Grant Medium Tank
M3 Grant Medium Tank
Royal Engineer Section
Infantry Section
Charged Creeping Barrage
Royal Engineer Section
Royal Engineer Section
M3 Grant Medium Tank
ЯF™ | Mouzeille ★ツ
Frayal ★ツ
ЯF™ | Conker
UH|dun! ツ
UH|ck
iceman
0
0

Comments sign in to comment!

No comments posted yet!